 Dungeon Crawl Stone Soup version 0.29.1-1-gd02db69 (webtiles) character file.

Game seed: 15485795094569553568

382 Timinator the Insei (level 6, -2/48 HPs)
             Began as a Demigod Transmuter on Dec 19, 2022.
             Slain by Duvessa
             ... wielding a +0 short sword
              (5 damage)
             ... on level 3 of the Dungeon.
             The game lasted 00:12:46 (4699 turns).

Timinator the Insei (Demigod Transmuter)            Turns: 4699, Time: 00:12:47

Health: -2/48      AC:  8    Str: 15    XL:     6   Next: 22%
Magic:  12/12      EV: 13    Int: 15    God:
Gold:   216        SH:  0    Dex: 18    Spells: 7/10 levels left

rFire   . . .      SeeInvis .     - Unarmed
rCold   . . .      Faith    .   (no shield)
rNeg    . . .      Spirit   .   t - +0 leather armour
rPois   .          Reflect  .   j - +0 helmet
rElec   .          Harm     .   (no cloak)
rCorr   .          Rampage  .   d - +0 pair of gloves
Will    .....                   r - +2 pair of boots
Stlth   +.........              (no amulet)
HPRegen 0.16/turn               (no ring)
MPRegen 0.13/turn               (no ring)

@: lit by a corona, flying, hasted, glowing, very quick
A: high MP 1, forlorn, divine attributes
a: no special abilities


You were on level 3 of the Dungeon.
You visited 1 branch of the dungeon, and saw 4 of its levels.

You collected 216 gold pieces.

Inventory:

Missiles
 k - a throwing net
Armour
 d - a +0 pair of gloves (worn)
 j - a +0 helmet (worn)
 r - a +2 pair of boots (worn)
 t - a +0 leather armour (worn)
Scrolls
 a - a scroll of blinking {unknown}
 b - a scroll of fog {unknown}
 f - a scroll of silence {unknown}
 g - 3 scrolls of identify {unknown}
 i - 2 scrolls of enchant armour
 q - a scroll of teleportation {unknown}
 s - a scroll of enchant weapon {unknown}
Potions
 e - 6 potions of heal wounds
 h - a potion of curing {unknown}
 l - a potion of magic {unknown}
 m - a potion of resistance {unknown}
 n - a potion of degeneration {unknown}
 o - a potion of mutation {unknown}
 p - a potion of berserk rage {unknown}


   Skills:
 * Level 2.1 Fighting
 * Level 1.8 Armour
 * Level 3.0 Dodging
 + Level 3.8 Unarmed Combat
 + Level 2.5 Spellcasting
 * Level 3.4 Transmutations


You had 7 spell levels left.
You knew the following spells:

 Your Spells              Type           Power      Damage    Failure   Level
a - Wereblood             Tmut           12%        N/A       10%         2
b - Beastly Appendage     Tmut           24%        N/A       6%          1

Your spell library contained the following spells:

 Spells                   Type           Power      Damage    Failure   Level
 Magic Dart               Conj           4%         1d3       26%         1
 Call Imp                 Summ           1%         N/A       36%         2
 Spider Form              Tmut/Pois      7%         N/A       36%         3
 Dazzling Flash           Conj/Hex       2%         N/A       61%         3
 Mephitic Cloud           Conj/Pois/Air  1%         N/A       61%         3
 Ice Form                 Ice/Tmut       7%         N/A       77%         4
 Iskenderun's Mystic Bla  Conj/Tloc      1%         2d3       95%         4
 Starburst                Conj/Fire      0%         6d3       100%        6


Dungeon Overview and Level Annotations

Branches:
Dungeon (4/15)
 Temple: D:4-7

Annotations:
D:3 Dowan, Duvessa


Innate Abilities, Weirdness & Mutations

You have an increased reservoir of magic. (+10% MP)
You shall have no god before yourself.
Your divine heritage dramatically boosts your attributes as you level up.


Message History

Duvessa is heavily wounded.
Duvessa closely misses you. Dowan barely misses you.
You hit Duvessa.
Duvessa is severely wounded.
Duvessa hits you but does no damage. Dowan hits you but does no damage.
You closely miss Duvessa.
Duvessa is severely wounded.
Duvessa hits you but does no damage. Dowan barely misses you.
You hit Duvessa but do no damage.
Duvessa is severely wounded.
Duvessa hits you with a +0 short sword.
You closely miss Duvessa.
Duvessa is severely wounded.
Your primal bloodlust has ended.
Dowan gestures at you while chanting. The puff of flame hits you.
Duvessa hits you with a +0 short sword.
It was a potion of flight.
You feel very buoyant.
You fly up into the air.
Dowan hits you with a +0 dagger. Duvessa barely misses you.
Dowan hits you but does no damage. Duvessa hits you with a +0 short sword.
You fly upwards.
There is a stone staircase leading down here.
It was a potion of haste.
You feel yourself speed up. Dowan hits you but does no damage.
Duvessa hits you with a +0 short sword.
* * * LOW HITPOINT WARNING * * *
You closely miss Duvessa.
Duvessa is severely wounded.
Dowan hits you with a +0 dagger.
* * * LOW HITPOINT WARNING * * *
Duvessa hits you with a +0 short sword.
* * * LOW HITPOINT WARNING * * *
You hit Duvessa but do no damage.
Duvessa is severely wounded.
Dowan hits you with a +0 dagger.
* * * LOW HITPOINT WARNING * * *
You hit Duvessa but do no damage.
Duvessa is severely wounded.
Duvessa hits you with a +0 short sword.
You die...

##############
.............#
############.# #.#
#.#
############.#####
...............e@#
############.###e#
#.# #.# #.# #.# #.#
#.# ### #.# #.# #.#
#.# #.## ######.#
#.# #..#
....##.#####.###..#


You could see Duvessa and Dowan.

Vanquished Creatures
  Menkaure (D:4)
  A necrophage (D:4)
  A hound (D:4)
  2 iguanas (D:4)
  A mummy (D:3)
  3 adders
  A worm (D:2)
  3 dart slugs
  An orc (D:3)
  11 ball pythons
  3 endoplasms
  4 giant cockroaches
  7 goblins
  5 hobgoblins
  2 jackals (D:4)
  7 kobolds
  8 quokkas
  7 bats
  3 frilled lizards
  6 rats
77 creatures vanquished.

Notes
Turn   | Place    | Note
-------+----------+-------------------------------------------
     0 | D:1      | Timinator the Demigod Transmuter began the quest for the
                  | Orb.
     0 | D:1      | Reached XP level 1. HP: 15/15 MP: 5/5
    96 | D:1      | Reached skill level 1 in Fighting
   305 | D:1      | Reached XP level 2. HP: 23/23 MP: 5/7
  1296 | D:1      | Reached XP level 3. HP: 28/28 MP: 6/8
  2170 | D:2      | Reached XP level 4. HP: 28/35 MP: 9/9
  2243 | D:2      | You fall into a shaft and drop 2 floors!
  2263 | D:4      | Reached skill level 1 in Armour
  2385 | D:4      | Noticed a necrophage
  2402 | D:4      | Killed a necrophage
  2403 | D:4      | Reached XP level 5. HP: 31/41 MP: 9/11
  3456 | D:3      | Learned a level 2 spell: Wereblood
  4011 | D:4      | Noticed Menkaure
  4030 | D:4      | Killed Menkaure
  4031 | D:4      | Reached XP level 6. HP: 20/48 MP: 12/12
  4439 | D:4      | Noticed Duvessa
  4443 | D:4      | Noticed Dowan
  4699 | D:3      | Slain by Duvessa

Illustrated notes

Levels and vault maps discovered:
D:1:      amcnicky_arrival_double_pillar, layout_basic,
          ebering_ecumenical_altar_abandoned
D:2:      layout_basic, minmay_split_cup_large
D:3:      layout_basic, chei_slow_surprise
D:4:      layout_loops_ring, uniq_menkaure, uniq_duvessa

Skill      XL: |  1  2  3  4  5 |
---------------+----------------+-----
Fighting       | 1 2 |  2.1
Transmutations | 2 3 |  3.4
Dodging        | 2 3 |  3.0
Unarmed Combat | 3 |  3.8
Spellcasting   | 2 |  2.5
Armour         | 1 |  1.8

Action                   |  1- 3 |  4- 6 || total
-------------------------+-------+-------++-------
Melee: Unarmed           |   137 |   135 ||   272
       Kick              |    20 |    13 ||    33
       Headbutt          |    10 |    14 ||    24
       Punch             |     2 |     9 ||    11
 Cast: Beastly Appendage |    28 |    13 ||    41
       Wereblood         |       |     3 ||     3
  Use: Scroll            |       |     2 ||     2
       Potion            |       |     4 ||     4
 Stab: Sleeping          |       |     3 ||     3
Armor: Robe              |    18 |    16 ||    34
       Skin              |       |     5 ||     5
       Leather armour    |       |    19 ||    19
Dodge: Dodged            |    79 |    87 ||   166
